Map: [ESL] Solaris

Players

PtitDrogo

  • Race: Protoss Protoss
  • Spawn Location: 1:00

LiquidClem (Clem) - Winner!

  • Race: Terran Terran
  • League: Grandmaster
  • Spawn Location: 7:00

Event: HomeStory Cup XXIV

VOD

Have the link to the VOD?

Description

Time

  • Played on: Dec. 1, 2023, 12:45 p.m.
  • Length: 9:47

All games in this series

Show
View Real Time Build Order
Export as new Build Order

PtitDrogo Protoss 

Build Orders: Zealot Archon 

Get SALT Encoding   

  12  0:00  Probe  
  13  0:12  Probe  
  14  0:17  Pylon  
  14  0:24  Probe (Chrono Boost)  
  15  0:36  Gateway, Probe (Chrono Boost)  
  16  0:45  Probe (Chrono Boost)  
  16  0:46  Assimilator  
  17  0:51  Probe  
  18  1:03  Probe  
  19  1:15  Probe  
  20  1:23  Cybernetics Core  
  20  1:43  Probe  
  20  1:45  Nexus  
  23  1:47  Pylon  
  23  1:52  Assimilator  
  23  1:58  Probe  
  23  2:01  Warp Gate (Chrono Boost)  
  22  2:04  Adept (Chrono Boost)  
  24  2:10  Probe  
  25  2:23  Probe  
  25  2:27  Adept  
  28  2:35  Probe  
  29  2:37  Gateway x2  
  29  2:42  Robotics Facility  
  29  2:48  Probe  
  30  2:55  Pylon  
  30  3:00  Probe  
  30  3:01  Adept  
  30  3:04  Probe  
  34  3:11  Shield Battery  
  34  3:15  Probe  
  35  3:22  Pylon  
  33  3:37  Stalker x2  
  33  3:38  Stalker  
  34  3:51  Probe  
  34  3:54  Observer (Chrono Boost)  
  37  4:01  Stalker x2  
  41  4:04  Stalker  
  41  4:08  Probe  
  43  4:12  Probe  
  43  4:36  Stalker x3  
  43  4:37  Probe (Chrono Boost)  
  48  4:43  Probe (Chrono Boost)  
  49  4:49  Probe (Chrono Boost)  
  48  4:55  Probe (Chrono Boost)  
  48  4:57  Observer, Probe (Chrono Boost)  
  48  4:59  Stalker x2  
  54  5:01  Stalker  
  54  5:06  Probe  
  56  5:07  Probe  
  58  5:17  Pylon  
  58  5:18  Probe  
  58  5:19  Probe  
  60  5:28  Warp Prism (Chrono Boost)  
  55  5:31  Probe  
  55  5:32  Probe  
  59  5:41  Twilight Council  
  59  5:45  Forge  
  59  5:46  Probe  
  59  5:47  Pylon  
  59  5:49  Probe  
  61  5:52  Adept  
  63  5:58  Sentry, Probe  
  63  6:02  Assimilator, Probe  
  63  6:04  Assimilator  
  67  6:06  Charge (Chrono Boost), Shield Battery  
  67  6:11  Protoss Ground Weapons Level 1 (Chrono Boost), Probe  
  68  6:14  Probe  
  69  6:24  Gateway  
  69  6:25  Gateway  
  69  6:33  Gateway  
  69  6:35  Gateway  
  69  6:39  Gateway  
  69  6:43  Probe  
  69  6:44  Probe  
  71  6:50  Pylon  
  71  6:53  Templar Archives  
  71  6:58  Colossus  
  71  7:18  Zealot x4  
  71  7:20  Pylon  
  71  7:22  Pylon  
  79  7:30  High Templar x2  
  79  7:31  Zealot  
  79  7:34  Pylon  
  85  7:42  Archon  
  84  7:45  Nexus  
  84  7:55  Protoss Ground Armor Level 1 (Chrono Boost)  
  84  7:59  Pylon  
  84  8:03  High Templar x2  
  84  8:04  Zealot x4  
  96  8:08  Archon  
  96  8:09  Zealot  
  96  8:10  Zealot  
  100  8:21  Probe  
  100  8:24  Zealot x2  
  105  8:35  Observer (Chrono Boost)  
  105  8:37  Zealot x2  
  110  8:41  Pylon  
  110  8:42  Pylon  
  110  8:57  Immortal  
  110  8:58  Sentry x2  
  110  8:59  Zealot x2  
  110  9:01  Probe x2  
  124  9:06  Stalker  
  126  9:12  Zealot x2  
  128  9:29  Zealot x5  
  134  9:36  Zealot x2  
Show
View Real Time Build Order
Export as new Build Order

LiquidClem Terran - Winner!

Build Orders:  

Get SALT Encoding   

  12  0:00  SCV  
  13  0:12  SCV  
  14  0:16  Supply Depot  
  14  0:24  SCV  
  14  0:27  Refinery  
  15  0:38  SCV  
  16  0:44  Barracks  
  16  0:50  SCV  
  17  1:03  SCV  
  18  1:15  SCV  
  18  1:18  Engineering Bay  
  19  1:31  Orbital Command, Marine  
  20  1:37  Factory  
  20  1:46  Supply Depot  
  20  1:50  Barracks Reactor  
  20  1:57  SCV  
  21  2:09  SCV  
  22  2:21  SCV  
  23  2:24  Supply Depot  
  23  2:29  Hellion x2  
  27  2:33  SCV  
  28  2:37  Command Center  
  28  2:45  SCV  
  28  2:50  Hellion x2  
  33  2:58  Starport  
  33  2:59  SCV  
  33  3:03  Refinery  
  34  3:10  Supply Depot  
  34  3:13  SCV  
  37  3:20  Cyclone  
  37  3:24  Cyclone  
  39  3:32  SCV  
  40  3:39  Marine  
  40  3:41  Medivac  
  43  3:44  SCV  
  40  3:50  Orbital Command  
  36  3:56  SCV  
  37  4:03  Marine x2  
  37  4:04  Factory Tech Lab  
  37  4:06  Orbital Command  
  37  4:08  SCV  
  37  4:09  Bunker  
  40  4:13  Starport Tech Lab  
  40  4:20  Marine, SCV  
  40  4:21  Marine  
  40  4:23  Siege Tank  
  42  4:32  SCV x2  
  41  4:38  Marine  
  41  4:39  Raven  
  41  4:40  Marine  
  41  4:44  SCV  
  41  4:45  SCV  
  45  4:54  Barracks  
  45  4:56  Marine, SCV  
  45  4:58  Marine  
  45  4:59  Siege Tank  
  51  5:02  SCV  
  51  5:06  Supply Depot  
  52  5:12  Supply Depot  
  52  5:14  Marine, SCV x2  
  52  5:15  Marine  
  52  5:19  Viking  
  58  5:26  SCV  
  58  5:29  Bunker  
  58  5:31  SCV  
  58  5:33  Siege Tank  
  62  5:36  Marine  
  62  5:37  Marine  
  62  5:39  SCV  
  65  5:43  Barracks  
  65  5:45  SCV  
  66  5:51  SCV  
  66  5:53  Stimpack, Supply Depot  
  66  5:55  Marine  
  68  5:57  Marine, SCV  
  68  5:58  Marine  
  68  6:01  Supply Depot  
  68  6:03  SCV  
  72  6:07  Refinery  
  72  6:09  SCV  
  73  6:13  Marine  
  73  6:14  Engineering Bay  
  73  6:15  Marine, SCV  
  73  6:16  Refinery  
  76  6:21  Marauder, SCV  
  76  6:24  Supply Depot  
  79  6:30  SCV  
  79  6:31  Marine  
  81  6:33  Marine, SCV  
  81  6:37  Supply Depot  
  81  6:38  Starport Reactor, Factory Reactor  
  83  6:40  Combat Shield  
  83  6:41  Marauder  
  83  6:42  SCV  
  83  6:43  Marauder  
  88  6:49  Terran Infantry Weapons Level 1, Supply Depot  
  88  6:50  Marine  
  88  6:52  Marine  
  90  6:54  SCV  
  91  7:04  Command Center  
  91  7:07  Marauder  
  93  7:09  Marauder  
  93  7:13  Marine, Supply Depot  
  96  7:16  Widow Mine  
  96  7:18  Widow Mine, Marine  
  96  7:21  Bunker  
  101  7:26  Medivac  
  101  7:27  Medivac  
  105  7:34  Marine, Marauder, Supply Depot  
  108  7:38  Marauder  
  108  7:39  Marine  
  108  7:43  Widow Mine x2  
  115  7:45  SCV  
  115  7:51  Armory  
  116  7:52  Concussive Shells  
  116  7:53  Supply Depot  
  116  7:54  Marine  
  116  7:57  Marine  
  120  7:58  Marauder  
  120  8:01  Marauder  
  120  8:05  Medivac  
  124  8:06  Supply Depot  
  124  8:07  Widow Mine  
  124  8:08  Widow Mine  
  124  8:11  Medivac  
  130  8:15  Marine  
  130  8:16  SCV  
  132  8:21  Orbital Command  
  132  8:22  Marine  
  132  8:23  Marauder  
  134  8:32  Barracks  
  134  8:34  Barracks  
  134  8:38  Widow Mine x2  
  138  8:43  Marine x2  
  138  8:46  Supply Depot  
  140  8:53  Orbital Command  
  140  8:55  Medivac x2  
  144  8:56  Marauder x2  
  144  8:58  Supply Depot  
  144  9:01  Marine x2, SCV  
  151  9:07  Widow Mine  
  151  9:08  Ghost Academy  
  151  9:09  Widow Mine  
  155  9:16  SCV x2, Supply Depot  
  156  9:18  Marauder x2  
  156  9:20  Marine  
  156  9:21  Marine  
  156  9:23  Barracks Tech Lab  
  156  9:24  Barracks Tech Lab  
Tags
 
Add a new tag
Caveats
  • Supply blocks, unpowered buildings, or Contaminate may cause inaccurate times.
  • Supply counts are checked every 10 seconds.